 Dungeon Crawl Stone Soup version 0.21.1-1-g345015f (webtiles) character file.

33 prawnwizard the Insei (level 3, 0/23 HPs)
             Began as an Octopode Transmuter on July 22, 2018.
             Slain by a gnoll
             ... wielding a +0 flail
              (9 damage)
             ... on level 2 of the Dungeon.
             The game lasted 00:01:42 (1703 turns).

prawnwizard the Insei (Octopode Transmuter)         Turns: 1703, Time: 00:01:43

Health: 0/23       AC:  1    Str:  9    XL:     3   Next: 29%
Magic:  5/6        EV: 13    Int: 15    God:
Gold:   30         SH:  0    Dex: 13    Spells: 5/6 levels left

rFire    . . .     SeeInvis .     - Unarmed
rCold    . . .     Gourm    .   (no shield)
rNeg     . . .     Faith    .   (helmet restricted)
rPois    .         Spirit   .   (no amulet)
rElec    .         Reflect  .   (no ring)
rCorr    .         Harm     .   (no ring)
MR       .....                  (no ring)
Stlth    ++........             (no ring)
HPRegen  0.07/turn              (no ring)
MPRegen  0.10/turn              (no ring)
                                (no ring)
                                (no ring)

@: appendage
A: almost no armour, stealthy swim, amphibious, 8 rings, constrict 8, tentacle
spike 3, camouflage 1, gelatinous body 1
a: End Transformation


You were on level 2 of the Dungeon.
You were not hungry.
One of your tentacles had a temporary spike.
You visited 1 branch of the dungeon, and saw 2 of its levels.

You collected 30 gold pieces.

Inventory:

Missiles
 a - 12 arrows
Scrolls
 g - 2 scrolls of identify {unknown}
 h - a scroll of magic mapping {unknown}
Potions
 d - a potion of agility {unknown}
 e - a potion of degeneration {unknown}
Books
 b - a book of Changes

   Spells                             Type                      Level
   a - Beastly Appendage              Transmutation                1
   b - Sticks to Snakes               Transmutation                2
   c - Spider Form                    Transmutation/Poison         3
   d - Ice Form                       Ice/Transmutation            4
   e - Blade Hands                    Transmutation                5
Comestibles
 c - 4 rations
 f - 3 chunks of flesh


   Skills:
 - Level 1.0 Fighting
 + Level 2.3 Dodging
 * Level 3.5 Unarmed Combat
 + Level 2.3 Spellcasting
 + Level 2.3 Transmutations


You had 5 spell levels left.
You knew the following spells:

 Your Spells              Type           Power        Failure   Level  Hunger
a - Beastly Appendage     Tmut           #.....       9%          1    #......


Dungeon Overview and Level Annotations

Branches:
Dungeon (2/15)

Altars:


Innate Abilities, Weirdness & Mutations

You cannot wear most types of armour.
You are very stealthy in the water. (Stealth+)
You are amphibious.
You can wear up to eight rings at the same time.
You can use your tentacles to constrict eight enemies at once.
Your skin changes colour to match your surroundings (Stealth+).
Your rubbery body absorbs attacks. (AC +1, EV +1)
One of your tentacles bears a large vicious spike.


Message History

You climb upwards.
There is a stone staircase leading down here.
The gnoll closely misses you. The gnoll barely misses you.
The gnoll closely misses you.
You see here 28 stones.
You see here a dagger.
There is an open door here.
There is a stone staircase leading down here.
You can't go up here!
The gnoll misses you.
You climb downwards.
There is a stone staircase leading up here.
Casting: Beastly Appendage
Confirm with . or Enter, or press ? or * to list all spells.
One of your tentacles grows a vicious spike.
The gnoll misses you.
You tentacle-slap the gnoll. Your grab misses the gnoll.
The gnoll is moderately wounded.
The gnoll hits you with a flail!
You die...

$......... # #.##..
..# .# #.##.###.###.#
#.....##.#...
#..........# #
#......#...#.#
#......#...#.#####
#@................
#g.....#.#!#.###.
####........#.#.###.
......................
.................###..
.........##...........
#.####...##..>........
# #...##.##.##....%.
#......##.# .###..


You could see a gnoll.

Vanquished Creatures
  A worm (D:2)
  2 dart slugs (D:1)
  A leopard gecko (D:1)
  A ball python (D:1)
  A giant cockroach (D:1)
  3 goblins (D:1)
  5 hobgoblins (D:1)
  3 kobolds (D:1)
  A bat (D:1)
  A frilled lizard (D:1)
  5 rats (D:1)
24 creatures vanquished.

Notes
Turn   | Place    | Note
-------+----------+-------------------------------------------
     0 | D:1      | prawnwizard the Octopode Transmuter began the quest for the Orb.
     0 | D:1      | Reached XP level 1. HP: 13/13 MP: 3/3
   125 | D:1      | Reached XP level 2. HP: 8/18 MP: 3/5
   732 | D:1      | Reached XP level 3. HP: 9/23 MP: 3/6
  1703 | D:2      | Slain by a gnoll

Action                   || total
-------------------------++-------
Melee: Unarmed           ||    56
       Constrict         ||    18
       Tentacles         ||     8
       Kick              ||     6
       Punch             ||     1
 Cast: Beastly Appendage ||     6
 Stab: Sleeping          ||     3
  Eat: Chunk             ||     2
Dodge: Dodged            ||    35
